 Dungeon Crawl Stone Soup version 0.30-a0-509-gd016549fea (webtiles) character file.

Game seed: 18229412702603869163

54 PyroL the Grasshopper (level 3, 0/20 HPs)
             Began as a Deep Elf Warper on Dec 23, 2022.
             Slain by a hound (4 damage)
             ... on level 3 of the Dungeon.
             The game lasted 00:05:54 (2745 turns).

PyroL the Grasshopper (Deep Elf Warper)             Turns: 2745, Time: 00:05:55

Health: 0/20       AC:  4    Str:  8    XL:     3   Next: 66%
Magic:  6/10       EV: 12    Int: 19    God:
Gold:   178        SH:  0    Dex: 14    Spells: 8/10 levels left

rFire   . . .      SeeInvis .    f - +2 hand axe (freeze)
rCold   . . .      Faith    .    (no shield)
rNeg    . . .      Spirit   .    b - +1 leather armour
rPois   .          Reflect  .    (no helmet)
rElec   .          Harm     .    (no cloak)
rCorr   .          Rampage  .    (no gloves)
Will    .....                    (no boots)
Stlth   +.........               (no amulet)
HPRegen 0.23/turn                (no ring)
MPRegen 0.12/turn                (no ring)

@: on blink cooldown
A: no striking features
a: no special abilities


You were on level 3 of the Dungeon.
You visited 1 branch of the dungeon, and saw 3 of its levels.

You collected 200 gold pieces.
You spent 22 gold pieces at shops.

Inventory:

Hand Weapons
 a - a +0 sling
 f - a +2 hand axe of freezing (weapon)
Missiles
 d - 7 boomerangs of dispersal (quivered)
Armour
 b - a +1 leather armour (worn)
Scrolls
 c - 2 scrolls of blinking
 e - a scroll of immolation {unknown}
 g - a scroll of torment {unknown}
 h - a scroll of magic mapping
 j - a scroll of poison {unknown}
 m - a scroll of teleportation {unknown}
Potions
 l - a potion of lignification {unknown}


   Skills:
 - Level 1.5 Fighting
 - Level 2.0 Short Blades
 + Level 0.0 Ranged Weapons
 - Level 1.0 Throwing
 - Level 0.7 Armour
 - Level 3.4 Dodging
 + Level 4.0 Spellcasting
 + Level 4.0 Translocations


You had 8 spell levels left.
You knew the following spells:

 Your Spells              Type           Power      Damage    Failure   Level
a - Blink                 Tloc           38%        N/A       5%          2

Your spell library contained the following spells:

 Spells                   Type           Power      Damage    Failure   Level
 Lesser Beckoning         Tloc           38%        N/A       11%         3
 Teleport Other           Tloc           19%        N/A       11%         3
 Sandblast                Erth           6%         2d5       19%         1
 Vhi's Electric Charge    Tloc/Air       22%        N/A       26%         3
 Passwall                 Tmut/Erth      2%         N/A       28%         2
 Manifold Assault         Tloc           19%        N/A       36%         4
 Stone Arrow              Conj/Erth      6%         3d7       50%         3


Dungeon Overview and Level Annotations

Branches:
Dungeon (3/15)

Altars:

Shops:
D:1 *(!(

Annotations:
D:2 1 runed translucent door, Crazy Yiuf


Message History

Casting: Blink (safe; 5% risk of failure)
Confirm with . or Enter, or press ? or * to list all spells.
Okay, then.
You shoot a sling bullet.
The sling bullet closely misses the hound.
You feel stable enough to blink again. The hound bites you. x3
You shoot a sling bullet.
The sling bullet barely misses the hound.
The hound bites you. The hound misses you.
You shoot a sling bullet.
The sling bullet barely misses the hound.
The hound closely misses you. x2
You shoot a sling bullet.
The sling bullet closely misses the hound.
The hound barely misses you. The hound bites you.
* * * LOW HITPOINT WARNING * * *
Casting: Blink (safe; 5% risk of failure)
Confirm with . or Enter, or press ? or * to list all spells.
You blink.
The hound closely misses you.
You are too injured to fight recklessly!
You are too injured to fight recklessly!
Your +2 hand axe of freezing glows with a cold blue light!
f - a +2 hand axe of freezing (weapon)
You hit the hound. You freeze the hound.
The hound is heavily wounded.
The hound bites you.
* * * LOW HITPOINT WARNING * * *
The hound bites you but does no damage.
You miss the hound.
The hound is heavily wounded.
You feel stable enough to blink again. The hound barely misses you.
The hound bites you.
* * * LOW HITPOINT WARNING * * *
Casting: Blink (safe; 5% risk of failure)
Confirm with . or Enter, or press ? or * to list all spells.
You blink.
Unknown command.
The hound attacks as you move away! The hound bites you.
You die...

#.#.#.##.#
#.#.#..#.#
#####.#.#..#.#
#.......##.#.#
#.......)..#.#
#.....?#####.#
#####........#
########.ยง.######.#
...........h@.....#
####..............
#>.############. #+#


You could see a hound.

Vanquished Creatures
  An adder (D:2)
  3 dart slugs (D:1)
  7 ball pythons
  6 endoplasms
  2 goblins (D:2)
  6 hobgoblins
  2 jackals (D:1)
  2 kobolds (D:2)
  2 quokkas
  A frilled lizard (D:1)
  2 rats (D:2)
34 creatures vanquished.

Notes
Turn   | Place    | Note
-------+----------+-------------------------------------------
     0 | D:1      | PyroL the Deep Elf Warper began the quest for the Orb.
     0 | D:1      | Reached XP level 1. HP: 12/12 MP: 6/6
   177 | D:1      | Found Buossol's Distillery.
   255 | D:1      | Reached XP level 2. HP: 14/16 MP: 8/8
   258 | D:1      | Learned a level 2 spell: Blink
   328 | D:1      | Found Amatsuwi's Weapon Shoppe.
   480 | D:1      | Found Kuucw's Antique Weapon Emporium.
  1025 | D:1      | Reached XP level 3. HP: 13/20 MP: 10/10
  1043 | D:1      | Found Maucam's General Store.
  1064 | D:1      | Bought a scroll of identify for 22 gold pieces
  1264 | D:2      | Found a runed translucent door.
  1265 | D:2      | Noticed Crazy Yiuf
  2257 | D:2      | HP: 1/20 [poisoned by an adder]
  2745 | D:3      | Slain by a hound

Illustrated notes

Levels and vault maps discovered:
D:1:      minmay_arrival_semitransparent, layout_loops_corners, serial_shops,
          shop_fountains, nicolae_shop_advertising_works
          [nicolae_subvault_shop_adworks], nicolae_lakefront_shop,
          nicolae_shop_competitors_out_of_business
D:2:      layout_basic, uniq_crazy_yiuf_cottage
D:3:      layout_basic, elyvilon_altar_5, eat_drink_and_be_merry_uskayaw,
          lemuel_round_altar

Skill      XL: |  1  2  3 |
---------------+----------+-----
Dodging        | 3 |  3.4
Spellcasting   | 4 |  4.0
Translocations | 4 |  4.0
Fighting       | |  1.5
Short Blades   | |  2.0
Throwing       | |  1.0
Armour         | |  0.7

Action                   || total
-------------------------++-------
Melee: Hand axe          ||    79
       Punch             ||     1
 Fire: Sling             ||    42
 Cast: Blink             ||    13
  Use: Scroll            ||     3
       Potion            ||     2
 Stab: Sleeping          ||     1
Armor: Leather armour    ||    45
Dodge: Dodged            ||    91

Table legend: (Time is in decaauts)
 A = Elapsed time spent in this place.
 B = Non-inter-level travel time spent in this place.
 C = Inter-level travel time spent in this place.
 D = Time resting spent in this place.
 E = Time spent auto-exploring this place.
 F = Levels seen in this place.
 G = Mean time per level.
                   A        B        C        D        E       F      G
               +--------+--------+--------+--------+--------+-----+--------+
         Total |   2786 |   2614 |    172 |    326 |   1797 |   3 |  928.7 |
       Dungeon |   2786 |   2614 |    172 |    326 |   1797 |   3 |  928.7 |
               +--------+--------+--------+--------+--------+-----+--------+

Top non-repeatable levels by time:
     D:2: 1450 daAuts
     D:1: 1214 daAuts
     D:3: 121 daAuts
